 Dungeon Crawl Stone Soup version 0.26-a0-1013-gf6ffb0d6bd (webtiles) character file.

Game seed: 18362497946167273601

6694 streetpizza the Destroyer (level 11, 0/68 HPs)
             Began as a Tengu Conjurer on Dec 7, 2020.
             Was a Believer of Vehumet.
             Shot with a sling bullet by Joseph (17 damage)
             ... on level 9 of the Dungeon.
             The game lasted 00:48:26 (10076 turns).

streetpizza the Destroyer (Tengu Conjurer)         Turns: 10076, Time: 00:48:26

Health: 0/68       AC:  3    Str:  7    XL:     11   Next: 3%
Magic:  17/23      EV: 18    Int: 23    God:    Vehumet [**....]
Gold:   325        SH:  0    Dex: 12    Spells: 18/25 levels left

rFire    + . .     SeeInvis .   n - +5 falchion (vorpal)
rCold    . . .     Faith    .   (no shield)
rNeg     . . .     Spirit   .   C - +3 leather armour {rPois}
rPois    +         Reflect  .   (helmet restricted)
rElec    .         Harm     .   B - +0 cloak
rCorr    .         Rampage  .   (no gloves)
Will     .....                  (boots unavailable)
Stlth    ++........             s - amulet of magic regeneration
HPRegen  0.21/turn              k - ring of poison resistance
MPRegen  0.43/turn              K - ring of protection from fire

@: corroded, flying quickly and evasively, quick
A: beak, talons 3, able to fly
a: Stop Flying, Renounce Religion


You were on level 9 of the Dungeon.
You worshipped Vehumet.
Vehumet was pleased with you.
You visited 2 branches of the dungeon, and saw 10 of its levels.
You also visited: Sewer.

You collected 577 gold pieces.
You spent 252 gold pieces at shops.

Inventory:

Hand Weapons
 n - a +5 vorpal falchion (weapon)
 y - a +2 dagger of flaming
 A - a +4 quarterstaff of chaos
Missiles
 m - 50 poisoned darts (quivered)
Armour
 a - a +0 robe
 c - a scarf of invisibility
 r - a +0 buckler
 B - a +0 cloak (worn)
 C - a +3 leather armour of poison resistance (worn)
Jewellery
 k - a ring of poison resistance (left hand)
 s - an amulet of magic regeneration (around neck)
 u - an uncursed amulet of guardian spirit
 J - an uncursed amulet of the acrobat
 K - a ring of protection from fire (right hand)
Wands
 v - a wand of acid (8)
 G - a wand of random effects (15)
 I - a wand of flame (13)
 N - a wand of iceblast (9)
Scrolls
 b - 2 scrolls of enchant weapon {unknown}
 d - 3 scrolls of amnesia {unknown}
 h - 4 scrolls of remove curse
 l - 4 scrolls of random uselessness {unknown}
 o - 7 scrolls of teleportation {unknown}
 p - 4 scrolls of fear {unknown}
 q - 10 scrolls of identify
 x - 2 scrolls of blinking {unknown}
 z - 2 scrolls of magic mapping {unknown}
 D - a scroll of fog {unknown}
 E - a scroll of enchant armour {unknown}
 H - a scroll of vulnerability {unknown}
Potions
 e - 6 potions of degeneration {unknown}
 f - 2 potions of brilliance {unknown}
 g - 3 potions of curing
 i - 2 potions of attraction {unknown}
 j - 3 potions of heal wounds
 t - 3 potions of flight {unknown}
 w - a potion of ambrosia {unknown}
 F - a potion of might {unknown}
 L - a potion of magic
 M - a potion of invisibility


   Skills:
 + Level 7.7 Fighting
 - Level 5.2 Armour
 + Level 7.4 Dodging
 - Level 2.0 Stealth
 + Level 7.7 Spellcasting
 + Level 11.7 Conjurations
 * Level 3.0 Fire Magic
 - Level 1.6 Air Magic


You had 18 spell levels left.
You knew the following spells:

 Your Spells              Type           Power        Failure   Level
a - Magic Dart            Conj           ####         1%          1
b - Searing Ray           Conj           ######       1%          2
c - Iskenderun's Mystic   Conj/Tloc      #####...     9%          4

Your spell library contained the following spells:

 Spells                   Type           Power        Failure   Level
 Sandblast                Erth           #.....       10%         1
 Foxfire                  Conj/Fire      ####         1%          1
 Conjure Flame            Conj/Fire      #####...     1%          3
 Dazzling Flash           Conj/Hex       #####.       2%          3
 Sticky Flame             Conj/Fire      #####...     4%          4
 Fulminant Prism          Conj/Hex       #####.....   9%          4
 Hailstorm                Conj/Ice       #####...     9%          4
 Freeze                   Ice            #...         10%         1
 Fireball                 Conj/Fire      #####.....   13%         5
 Inner Flame              Hex/Fire       ###.....     16%         3
 Frozen Ramparts          Ice            #.....       30%         3
 Ozocubu's Armour         Ice            #.......     30%         3
 Summon Ice Beast         Ice/Summ       #.......     69%         4


Dungeon Overview and Level Annotations

Branches:
Dungeon (9/15)             Temple (1/1) D:7           Sewer (visited)
   Lair: D:8-11         Orc: D:9-12

Altars:
Ashenzari
Cheibriados
Dithmenos
Elyvilon
Fedhas
Gozag
Hepliaklqana
Kikubaaqudgha
Makhleb
Nemelex Xobeh
Okawaru
Qazlal
Ru
Sif Muna
Trog
Uskayaw
Vehumet
Wu Jian
Xom
Yredelemnul
Zin
The Shining One

Shops:
D:6 =   D:8 !

Annotations:
D:7 1 runed translucent door
D:9 Joseph


Innate Abilities, Weirdness & Mutations

You have a beak for a mouth.
You have claws for feet.
You can fly continuously.


Message History

The sling bullet hits you!
The searing ray hits Joseph!
Joseph is heavily wounded.
You finish channeling your searing ray.
Joseph shoots a sling bullet.
The sling bullet barely misses you.
Casting: Searing Ray (safe; 1% risk of failure)
Confirm with . or Enter, or press ? or * to list all spells.
Aiming: Searing Ray (safe; 1% risk of failure)
Press: ? - help, Shift-Dir - straight line, f/p - Joseph
Aim: Joseph, wielding a +0 hunting sling, wearing a +0 leather armour, quivering 19 sling bullets and carrying a wand of acid (10) (heavily wounded, 17% to evade)
The searing ray hits Joseph!
Joseph is severely wounded. (Press . to maintain the ray.) Joseph zaps a wand.
The bolt of acid hits you! The acid corrodes you!
You are splashed with acid!
* * * LOW HITPOINT WARNING * * *
The searing ray hits Joseph!
Joseph is almost dead.
Joseph shoots a sling bullet.
The sling bullet hits you!
You die...

#........ #..
.....#........
##....####.....#........
....> ..................
#...##.................
##......@...............
........#...............
........#...............
#...(..@+...............
#.......##..†[....#.....
#.....(.##)=)†#####.....
......####..).#####.....
...... #..........#...#.
.....# #...(.)....#.....
..##.......#......#.....
.. ...§....#......#..<..
....@....#......##....


You could see Joseph.

Vanquished Creatures
  Harold (D:9)
  A two-headed ogre (D:8)
  Psyche (D:8)
  Grinder (D:3)
  Prince Ribbit (D:5)
  A wyvern (D:8)
  Eustachio (D:4)
  The ghost of FacelessVoid the Magician, an amateur DsWz (D:4)
  A water moccasin (D:7)
  8 orc warriors
  An ice beast (D:6)
  A necrophage (D:6)
  7 ogres
  2 phantoms
  A centaur (D:8)
  A big kobold (D:9)
  5 bullfrogs
  2 gnoll sergeants (D:8)
  2 scorpions
  A wyvern skeleton (D:4)
  6 killer bees
  2 howler monkeys
  A crimson imp (D:2)
  A jelly (D:7)
  A quasit (D:8)
  Crazy Yiuf (D:4)
  A centaur zombie (D:4)
  A hound (D:8)
  2 bullfrog skeletons
  2 bullfrog zombies
  4 orc priests
  8 orc wizards
  Ijyb (D:3)
  Natasha (thrice) (D:4)
  An iguana (D:8)
  3 worker ants
  A killer bee zombie (D:8)
  A hound skeleton (D:5)
  2 worker ant zombies
  Robin (D:4)
  4 gnolls (D:5)
  20 adders
  A howler monkey skeleton (D:5)
  2 shadow imps
  4 white imps
  An ufetubus (D:9)
  2 adder zombies
  6 oozes
  3 adder skeletons
  8 worms
  7 leopard geckos
  36 orcs
  7 giant cockroaches
  26 goblins
  7 hobgoblins
  10 jackals
  9 kobolds
  2 quokkas
  3 ball pythons
  15 bats
  6 frilled lizards
  A leopard gecko skeleton (D:8)
  A quokka zombie (D:8)
  5 rats
269 creatures vanquished.

Vanquished Creatures (others)
  2 plants (D:9)
2 creatures vanquished.

Grand Total: 271 creatures vanquished

Notes
Turn   | Place    | Note
-------+----------+-------------------------------------------
     0 | D:1      | streetpizza the Tengu Conjurer began the quest for the Orb.
     0 | D:1      | Reached XP level 1. HP: 10/10 MP: 4/4
   543 | D:1      | Reached XP level 2. HP: 15/15 MP: 4/6
   546 | D:1      | Learned a level 2 spell: Searing Ray
  1104 | D:2      | Reached XP level 3. HP: 19/19 MP: 2/7
  1287 | D:2      | Reached skill level 6 in Conjurations
  1288 | D:2      | Reached XP level 4. HP: 24/24 MP: 3/9
  2323 | D:2      | Found a burning altar of Makhleb.
  2327 | D:2      | Reached skill level 1 in Fighting
  2327 | D:2      | Gained mutation: You can fly continuously. [Tengu growth]
  2327 | D:2      | Reached XP level 5. HP: 29/29 MP: 5/10
  2750 | D:3      | Noticed Grinder
  2755 | D:3      | Killed Grinder
  2756 | D:3      | Reached skill level 7 in Conjurations
  2756 | D:3      | Reached XP level 6. HP: 20/35 MP: 4/12
  2898 | D:3      | Noticed Ijyb
  2907 | D:3      | Killed Ijyb
  3195 | D:3      | Found a shimmering blue altar of Sif Muna.
  3250 | D:3      | Reached XP level 7. HP: 12/40 MP: 8/13
  3580 | D:3      | Found a faded altar of an unknown god.
  3612 | D:3      | Found an opulent altar of Gozag.
  4049 | D:4      | Found a runed translucent door.
  4050 | D:4      | Noticed Crazy Yiuf
  4056 | D:4      | Killed Crazy Yiuf
  4057 | D:4      | Reached skill level 5 in Dodging
  4351 | D:4      | Noticed Natasha
  4357 | D:4      | Killed Natasha
  4743 | D:4      | Noticed Natasha
  4756 | D:4      | Killed Natasha
  4820 | D:4      | Noticed Eustachio
  4824 | D:4      | Noticed Natasha
  4827 | D:4      | Killed Eustachio
  4828 | D:4      | Reached skill level 8 in Conjurations
  4828 | D:4      | Reached XP level 8. HP: 38/48 MP: 8/15
  4829 | D:4      | Killed Natasha
  4905 | D:4      | Noticed Robin
  4914 | D:4      | Killed Robin
  5002 | D:4      | Found a runed translucent gate.
  5002 | D:4      | Found a runed translucent gate.
  5002 | D:4      | Found a runed translucent gate.
  5003 | D:4      | Noticed FacelessVoid's ghost (amateur DsWz)
  5026 | D:4      | Killed FacelessVoid's ghost
  5035 | D:4      | Reached skill level 5 in Spellcasting
  5252 | D:5      | Entered Level 5 of the Dungeon
  5255 | D:5      | Noticed Prince Ribbit
  5376 | D:5      | Found a glowing golden altar of the Shining One.
  5460 | D:5      | Killed Prince Ribbit
  5461 | D:5      | Reached skill level 9 in Conjurations
  5461 | D:5      | Reached XP level 9. HP: 24/53 MP: 13/18
  5494 | D:5      | Found a snail-covered altar of Cheibriados.
  5496 | D:5      | Found a hazy altar of Hepliaklqana.
  5523 | D:5      | Found an ornate altar of the Wu Jian Council.
  5525 | D:5      | Found a sparkling altar of Nemelex Xobeh.
  5598 | D:5      | Reached skill level 5 in Fighting
  5604 | D:5      | Found a glowing drain.
  5668 | Sewer    | Entered a sewer
  6749 | D:6      | Reached skill level 1 in Armour
  6875 | D:6      | Found a radiant altar of Vehumet.
  6884 | D:6      | Became a worshipper of Vehumet
  7134 | D:6      | Found Xaelosor's Jewellery Shop.
  7430 | D:7      | Found a staircase to the Ecumenical Temple.
  7460 | D:7      | Reached skill level 10 in Conjurations
  7939 | D:7      | Found a runed translucent door.
  7941 | D:7      | Noticed a sixfirhy
  8049 | D:7      | Reached * piety under Vehumet
  8049 | D:7      | Offered knowledge of Shock by Vehumet.
  8345 | Temple   | Entered the Ecumenical Temple
  8427 | D:8      | Reached XP level 10. HP: 60/61 MP: 16/21
  8642 | D:8      | Noticed a two-headed ogre
  8769 | D:8      | Offered knowledge of Sandblast by Vehumet.
  8889 | D:8      | Found Niqonkub's Distillery.
  8911 | D:8      | Bought a potion of magic for 96 gold pieces
  8911 | D:8      | Bought a potion of invisibility for 96 gold pieces
  8911 | D:8      | Bought a potion of heal wounds for 60 gold pieces
  8971 | D:8      | Killed a two-headed ogre
  8972 | D:8      | Reached skill level 5 in Armour
  8972 | D:8      | Reached skill level 11 in Conjurations
  9007 | D:8      | Noticed Psyche
  9015 | D:8      | Killed Psyche
  9016 | D:8      | Reached skill level 1 in Air Magic
  9070 | D:8      | Reached ** piety under Vehumet
  9356 | D:9      | Noticed Harold
  9372 | D:9      | Killed Harold
  9815 | D:8      | Learned a level 4 spell: Iskenderun's Mystic Blast
  9838 | D:9      | Reached XP level 11. HP: 59/67 MP: 17/23
 10058 | D:9      | Noticed Joseph
 10076 | D:9      | Shot with a sling bullet by Joseph

Illustrated notes

Levels and vault maps discovered:
D:1:      minmay_arrival_four_houses, layout_basic, minmay_strange_pillars,
          minmay_misc_feat_rows
D:2:      layout_loops_ring, makhleb_grotto_becter
D:3:      layout_rooms, nicolae_gozag_cash_rules_everything_around_me,
          lemuel_crystal_altar, chequers_ecumenical_altar_twisty,
          grunt_ministairs_4, hangedman_glass_teeth, minmay_ogre_servants,
          uniq_grinder, uniq_ijyb
D:4:      layout_loops_ring, gammafunk_ghost_necromancy, minmay_misc_feat_five,
          uniq_robin, uniq_eustachio, uniq_crazy_yiuf_cottage, uniq_natasha
D:5:      layout_basic, kennysheep_little_box, nicolae_overflow_hidden_temple,
          gup_sewer_entry_glass, kennysheep_small_circle, uniq_prince_ribbit1
D:6:      layout_basic, vehumet_altar_wand_db, serial_shops, kennysheep_mini
D:7:      cheibrodos_shockbox, layout_basic, minmay_temple_entry_glass
D:8:      layout_basic, serial_shops, shop, serial_aquarium,
          aquarium_bridge_square [aquarium_subvault_wall,
          aquarium_subvault_wall, aquarium_subvault_wall,
          aquarium_subvault_bridge], aquarium_window_corridor_3,
          aquarium_window_1, aquarium_view_2c, aquarium_view_2c, sword_in_stone,
          uniq_psyche
D:9:      layout_basic, david_lair_generic, evilmike_ruin_ashenzari, uniq_erica,
          uniq_harold, uniq_pikel, uniq_joseph
Temple:   cyrus_circular_temple

Skill      XL: |  1  2  3  4  5  6  7  8  9 10 11 |
---------------+----------------------------------+-----
Dodging        | 3 4 5 6 7 |  7.4
Conjurations   | 6 7 8 9 10 11 | 11.7
Spellcasting   | 3 4 5 6 7 |  7.7
Fighting       | 1 2 3 4 6 7 |  7.7
Armour         | 3 5 |  5.2
Air Magic      | 1 |  1.6
Fire Magic     | 2 3 |  3.0
Stealth        | |  2.0

Action                   |  1- 3 |  4- 6 |  7- 9 | 10-12 || total
-------------------------+-------+-------+-------+-------++-------
Melee: Short sword       |    15 |    12 |       |       ||    27
       Kick              |     1 |    13 |    33 |    17 ||    64
       Mace              |       |    50 |    22 |       ||    72
       Peck              |       |     6 |    21 |    10 ||    37
       Quarterstaff      |       |       |    20 |       ||    20
       Falchion          |       |       |   120 |    58 ||   178
 Cast: Magic Dart        |    16 |     1 |     1 |     4 ||    22
       Searing Ray       |     5 |    22 |    54 |    30 ||   111
       Iskenderun's Myst |       |       |       |     5 ||     5
 Abil: Fly               |       |     2 |       |       ||     2
       Stop Flying       |       |     1 |       |       ||     1
  Use: Scroll            |       |       |     3 |       ||     3
 Stab: Sleeping          |       |     5 |     4 |     1 ||    10
Armor: Robe              |     5 |    17 |     3 |       ||    25
       Leather armour    |       |       |    36 |    24 ||    60
Dodge: Dodged            |    11 |    78 |   189 |   142 ||   420
       Rpst.: Falchion   |       |       |    43 |    45 ||    88

Table legend: (Time is in decaauts)
 A = Elapsed time spent in this place.
 B = Non-inter-level travel time spent in this place.
 C = Inter-level travel time spent in this place.
 D = Time resting spent in this place.
 E = Time spent auto-exploring this place.
 F = Levels seen in this place.
 G = Mean time per level.
                   A        B        C        D        E       F      G
               +--------+--------+--------+--------+--------+-----+--------+
         Total |   9774 |   9516 |    258 |    243 |   7263 |  11 |  888.5 |
       Dungeon |   9323 |   9072 |    251 |    243 |   6959 |   9 | 1035.9 |
        Temple |     47 |     40 |      7 |      0 |     38 |   1 |   47.0 |
         Sewer |    403 |    403 |      0 |      0 |    265 |   1 |  403.0 |
               +--------+--------+--------+--------+--------+-----+--------+

Top non-repeatable levels by time:
     D:2: 1620 daAuts
     D:4: 1405 daAuts
     D:8: 1349 daAuts
     D:3: 1136 daAuts
     D:1: 1051 daAuts
     D:7: 989 daAuts
     D:5: 922 daAuts
     D:6: 546 daAuts
   Sewer: 403 daAuts
     D:9: 302 daAuts
  Temple: 47 daAuts
